 Dungeon Crawl Stone Soup version 0.25.1-2-g60ff931df9 (webtiles) character file.

Game seed: 12636749444660706491

4466 Exporg the Magician (level 10, -3/77 HPs)
             Began as a Gnoll Skald on Oct 13, 2020.
             Was a Follower of Ashenzari.
             Slain by a killer bee (6 damage)
             ... on level 11 of the Dungeon.
             The game lasted 00:31:06 (11519 turns).

Exporg the Magician (Gnoll Skald)                  Turns: 11519, Time: 00:31:06

Health: -3/77      AC: 10    Str: 15    XL:     10   Next: 37%
Magic:  29/29      EV: 15    Int: 17    God:    Ashenzari [*.....]
Gold:   634        SH:  0    Dex: 15    Spells: 10/23 levels left

rFire    . . .     SeeInvis +   a - +2 war axe (flame)
rCold    . . .     Gourm    .   (no shield)
rNeg     . . .     Faith    .   K - +0 ring mail
rPois    .         Spirit   .   (no helmet)
rElec    .         Reflect  .   (no cloak)
rCorr    .         Harm     .   H - +0 pair of gloves
MR       .....                  k - +2 pair of boots (curse)
Stlth    ++........             m - amulet of magic regeneration
HPRegen  0.22/turn              P - ring of see invisible
MPRegen  0.46/turn              D - ring of magical power

@: about to teleport, infused, singing
A: distributed training, fangs 1, strong nose
a: Curse Item, Scrying, Renounce Religion


You were on level 11 of the Dungeon.
You worshipped Ashenzari.
Ashenzari was aware of your devotion.
You were not hungry.

You visited 3 branches of the dungeon, and saw 13 of its levels.

You collected 634 gold pieces.

Inventory:

Hand Weapons
 a - a +2 war axe of flaming (weapon)
 b - a +2 shortbow of freezing
 J - a +0 great mace
 L - a +0 trident
Missiles
 f - 2 silver javelins (quivered)
 h - 101 bolts
 E - 124 arrows
Armour
 k - a cursed +2 pair of boots (worn)
 s - a +0 scale mail
 y - a +0 chain mail
 B - a +0 plate armour
 H - a +0 pair of gloves (worn)
 K - a +0 ring mail (worn)
 S - a +0 pair of boots of flying
Magical Staves
 I - an uncursed staff of wizardry
Jewellery
 m - an amulet of magic regeneration (around neck)
 D - a ring of magical power (right hand)
 P - a ring of see invisible (left hand)
Wands
 e - a wand of acid (11)
 p - a wand of flame (39)
 t - a wand of paralysis (4)
 M - a wand of disintegration (2)
Scrolls
 c - 4 scrolls of amnesia {unknown}
 g - 9 scrolls of remove curse
 i - 7 scrolls of identify {unknown}
 n - 5 scrolls of blinking {unknown}
 o - a scroll of fear {unknown}
 q - 2 scrolls of immolation {unknown}
 r - 2 scrolls of teleportation
 v - a scroll of magic mapping {unknown}
 z - a scroll of summoning {unknown}
 F - a scroll of enchant weapon {unknown}
 N - a scroll of holy word {unknown}
 O - a scroll of noise {unknown}
 Q - a scroll of brand weapon {unknown}
Potions
 l - a potion of invisibility {unknown}
 u - a potion of heal wounds {unknown}
 w - a potion of mutation {unknown}
 x - a potion of berserk rage {unknown}
 A - 3 potions of stabbing {unknown}
 C - 3 potions of lignification {unknown}
 G - 2 potions of brilliance {unknown}
 R - 3 potions of degeneration {unknown}
 U - 2 potions of resistance {unknown}
Miscellaneous
 T - a box of beasts
Comestibles
 d - 15 rations
 V - a chunk of flesh


   Skills:
 + Level 6.9 Fighting
 + Level 5.1 Short Blades
 + Level 5.1 Long Blades
 + Level 5.1 Axes
 + Level 5.1 Maces & Flails
 + Level 6.9 Polearms
 + Level 5.1 Staves
 + Level 5.1 Slings
 + Level 5.1 Bows
 + Level 5.1 Crossbows
 + Level 5.1 Throwing
 + Level 5.8 Armour
 + Level 6.9 Dodging
 + Level 5.1 Stealth
 + Level 5.1 Shields
 + Level 5.1 Unarmed Combat
 + Level 7.2 Spellcasting
 + Level 4.2 Conjurations
 + Level 4.2 Hexes
 + Level 7.0 Charms
 + Level 4.2 Summonings
 + Level 4.2 Necromancy
 + Level 4.2 Translocations
 + Level 4.2 Transmutations
 + Level 4.2 Fire Magic
 + Level 4.2 Ice Magic
 + Level 4.2 Air Magic
 + Level 4.2 Earth Magic
 + Level 4.2 Poison Magic
 + Level 5.6 Invocations
 + Level 5.1 Evocations


You had 10 spell levels left.
You knew the following spells:

 Your Spells              Type           Power        Failure   Level  Hunger
a - Infusion              Chrm           ####         1%          1    None
b - Song of Slaying       Chrm           ####....     1%          2    None
c - Shroud of Golubria    Chrm/Tloc      ####..       3%          2    None
d - Spectral Weapon       Hex/Chrm       ####....     6%          3    ##.....
e - Ozocubu's Armour      Chrm/Ice       ####....     6%          3    ##.....
f - Poisonous Vapours     Pois/Air       ###...       5%          2    None

Your spell library contained the following spells:

 Spells                   Type           Power        Failure   Level  Hunger
 Animate Skeleton         Necr           N/A          3%          1    None
 Corona                   Hex            ###....      3%          1    None
 Pain                     Necr           ###.         3%          1    None
 Ensorcelled Hibernation  Hex/Ice        ###...       5%          2    None
 Confusing Touch          Hex            ###.....     11%         3    ##.....
 Conjure Flame            Conj/Fire      ###.....     11%         3    ##.....
 Dazzling Flash           Conj/Hex       ###...       11%         3    ##.....
 Mephitic Cloud           Conj/Pois/Air  ###.....     11%         3    ##.....
 Tukima's Dance           Hex            ###.....     11%         3    ##.....
 Vampiric Draining        Necr           ###.......   11%         3    ##.....
 Animate Dead             Necr           N/A          34%         4    ####...
 Agony                    Necr           ###.....     69%         5    #####..
 Freezing Cloud           Conj/Ice/Air   ###.......   99%         6    #######
 Ring of Flames           Chrm/Fire      ####......   100%        7    #######


Dungeon Overview and Level Annotations

Branches:
Dungeon (11/15)            Temple (1/1) D:4            Lair (0/6) D:11
    Orc (1/2) D:9

Altars:
Ashenzari
Cheibriados
Dithmenos
Elyvilon
Fedhas
Gozag
Hepliaklqana
Kikubaaqudgha
Makhleb
Nemelex Xobeh
Okawaru
Qazlal
Ru
Sif Muna
Trog
Uskayaw
Vehumet
Wu Jian
Xom
Yredelemnul
Zin
The Shining One

Shops:
D:5 *   D:11 [   Orc:1 ?

Annotations:
D:6 3 runed translucent doors, Alannah's ghost, novice GrFi; sfoobar's ghost, novice MiBe; wpisznazwe's ghost, novice DsGl
D:7 2 runed translucent doors
D:9 2 transporters, Kiel97's ghost, novice GnWn


Innate Abilities, Weirdness & Mutations

Your experience applies equally to all skills.
You have very sharp teeth.
Your uncanny sense of smell can sniff out nearby items.


Message History

The killer bee closely misses you. x2; The shadow barely misses you.
The killer bee stings you.
* * * LOW HITPOINT WARNING * * *
You are more poisoned.
The killer bee poisons you!
You feel better. The killer bee stings you.
* * * LOW HITPOINT WARNING * * *
The killer bee stings you but does no damage.
The killer bee stings you.
* * * LOW HITPOINT WARNING * * *
The killer bee barely misses you. The shadow hits you!
* * * LOW HITPOINT WARNING * * *
The killer bee stings you but does no damage.
The killer bee closely misses you.
Okay, then.
Okay, then.
As you read the scroll labeled SIRUXZ HYRAMP, it crumbles to dust.
You feel strangely unstable.
It was a scroll of teleportation.
The killer bee stings you.
You die...

..........#..##.......
....>#.................
.
....#.##...#..........
..#..
#.##..##..........
.....
#.#...##..........
.....#..#.###.##.......
....#.##).#...##......
#Wyyy.....##....... ∆
#.@y.##.#.#........
#.....### ##...#...
.........# .........
....................###
#.................... ∆
#....................#
#...............
##........#.....


You could see a shadow and 4 killer bees.

Vanquished Creatures
  A two-headed ogre (D:8)
  2 centaur zombies (D:11)
  A troll (D:11)
  A vampire (D:10)
  A hungry ghost (D:9)
  2 orc warriors
  An ice beast (D:10)
  An ogre (D:9)
  A phantom (D:7)
  5 centaurs
  2 big kobolds (D:9)
  6 bullfrogs
  3 scorpions
  A killer bee (D:11)
  2 howler monkeys
  3 bullfrog zombies
  8 crimson imps
  3 hounds
  A quasit (D:10)
  A jelly (D:5)
  2 orc priests
  3 orc wizards
  4 bullfrog skeletons
  2 centaur skeletons (D:4)
  3 iguanas
  4 worker ants
  A hound zombie (D:3)
  A worker ant zombie (D:4)
  7 gnolls
  9 adders
  An ooze (D:1)
  3 adder skeletons
  3 worms
  2 dart slugs
  5 leopard geckos
  23 orcs
  3 bats
  3 giant cockroaches
  6 goblins
  6 hobgoblins
  13 jackals
  4 quokkas
  3 ball pythons
  A ball python skeleton (D:5)
  2 frilled lizards
  A jackal skeleton (D:8)
  11 kobolds
  A leopard gecko skeleton (D:4)
  2 leopard gecko zombies (D:8)
  A quokka skeleton (D:4)
  8 rats
184 creatures vanquished.

Vanquished Creatures (others)
  A quokka (D:9)
  3 withered plants (D:6)
4 creatures vanquished.

Grand Total: 188 creatures vanquished

Notes
Turn   | Place    | Note
-------+----------+-------------------------------------------
     0 | D:1      | Exporg the Gnoll Skald began the quest for the Orb.
     0 | D:1      | Reached XP level 1. HP: 20/20 MP: 6/6
    38 | D:1      | Reached XP level 2. HP: 21/26 MP: 7/7
   471 | D:1      | Reached XP level 3. HP: 29/31 MP: 9/9
   549 | D:1      | Reached skill level 5 in Spellcasting
   823 | D:2      | Found a blossoming altar of Fedhas.
   909 | D:2      | Reached skill level 1 in Invocations
  1629 | D:2      | Reached skill level 1 in Short Blades
  1629 | D:2      | Reached skill level 1 in Long Blades
  1629 | D:2      | Reached skill level 1 in Axes
  1629 | D:2      | Reached skill level 1 in Maces & Flails
  1629 | D:2      | Reached skill level 1 in Staves
  1629 | D:2      | Reached skill level 1 in Slings
  1629 | D:2      | Reached skill level 1 in Bows
  1629 | D:2      | Reached skill level 1 in Crossbows
  1629 | D:2      | Reached skill level 1 in Throwing
  1629 | D:2      | Reached skill level 1 in Stealth
  1629 | D:2      | Reached skill level 1 in Shields
  1629 | D:2      | Reached skill level 1 in Unarmed Combat
  1629 | D:2      | Reached skill level 1 in Evocations
  1818 | D:2      | Noticed a bullfrog
  1841 | D:2      | Killed a bullfrog
  1841 | D:2      | Reached skill level 1 in Conjurations
  1841 | D:2      | Reached skill level 1 in Hexes
  1841 | D:2      | Reached skill level 1 in Summonings
  1841 | D:2      | Reached skill level 1 in Necromancy
  1841 | D:2      | Reached skill level 1 in Translocations
  1841 | D:2      | Reached skill level 1 in Transmutations
  1841 | D:2      | Reached skill level 1 in Fire Magic
  1841 | D:2      | Reached skill level 1 in Ice Magic
  1841 | D:2      | Reached skill level 1 in Air Magic
  1841 | D:2      | Reached skill level 1 in Earth Magic
  1841 | D:2      | Reached skill level 1 in Poison Magic
  1841 | D:2      | Reached XP level 4. HP: 37/38 MP: 11/11
  1841 | D:2      | Reached XP level 5. HP: 42/43 MP: 12/12
  1845 | D:2      | Learned a level 2 spell: Song of Slaying
  2157 | D:3      | Learned a level 2 spell: Shroud of Golubria
  2161 | D:3      | Learned a level 3 spell: Spectral Weapon
  2165 | D:3      | Learned a level 3 spell: Ozocubu's Armour
  2855 | D:3      | Found a shadowy altar of Dithmenos.
  3062 | D:3      | Reached XP level 6. HP: 48/50 MP: 6/13
  3177 | D:4      | Found a staircase to the Ecumenical Temple.
  3392 | D:4      | Reached skill level 5 in Fighting
  3392 | D:4      | Reached skill level 5 in Polearms
  3392 | D:4      | Reached skill level 5 in Dodging
  3394 | Temple   | Entered the Ecumenical Temple
  3981 | D:4      | Found a radiant altar of Vehumet.
  4030 | D:4      | Found a shattered altar of Ashenzari.
  4038 | D:4      | Became a worshipper of Ashenzari the Shackled
  4247 | D:4      | Reached XP level 7. HP: 56/56 MP: 15/15
  4837 | D:5      | Entered Level 5 of the Dungeon
  5114 | D:5      | Found Qukkeeq's General Store.
  5359 | D:5      | Found a radiant altar of Vehumet.
  5539 | D:5      | Found a bloodstained altar of Trog.
  5669 | D:5      | Found a glowing silver altar of Zin.
  5881 | D:6      | Reached XP level 8. HP: 54/63 MP: 13/16
  5944 | D:6      | Found a stormy altar of Qazlal.
  5959 | D:6      | Found an iron altar of Okawaru.
  6545 | D:6      | Found a runed translucent gate.
  6545 | D:6      | Found a runed translucent gate.
  6548 | D:6      | Found a runed translucent gate.
  6549 | D:6      | Noticed wpisznazwe's ghost (novice DsGl)
  6549 | D:6      | Noticed sfoobar's ghost (novice MiBe)
  6549 | D:6      | Noticed Alannah's ghost (novice GrFi)
  7413 | D:7      | Found a runed translucent door.
  7433 | D:7      | Found a runed translucent door.
  8341 | D:7      | Reached XP level 9. HP: 60/69 MP: 18/18
  8735 | D:8      | Reached * piety under Ashenzari
  8997 | D:8      | Noticed a two-headed ogre
  9020 | D:8      | Killed a two-headed ogre
  9020 | D:8      | Reached skill level 5 in Armour
  9320 | D:9      | Learned a level 2 spell: Poisonous Vapours
  9534 | D:9      | Reached skill level 5 in Invocations
  9964 | D:9      | Reached XP level 10. HP: 56/77 MP: 20/20
 10066 | D:9      | Found a transporter.
 10066 | D:9      | Noticed Kiel97's ghost (novice GnWn)
 10104 | D:9      | Found a transporter.
 10201 | D:9      | Found a staircase to the Orcish Mines.
 10231 | D:9      | Found a white marble altar of Elyvilon.
 10440 | Orc:1    | Entered Level 1 of the Orcish Mines
 10440 | Orc:1    | Found Ugai's Magic Scroll Shop.
 10465 | D:10     | Entered Level 10 of the Dungeon
 11208 | D:11     | Found a staircase to the Lair.
 11228 | D:11     | Found Sutwuic's Armour Shop.
 11254 | D:11     | Reached skill level 5 in Short Blades
 11254 | D:11     | Reached skill level 5 in Long Blades
 11254 | D:11     | Reached skill level 5 in Axes
 11254 | D:11     | Reached skill level 5 in Maces & Flails
 11254 | D:11     | Reached skill level 5 in Staves
 11254 | D:11     | Reached skill level 5 in Slings
 11254 | D:11     | Reached skill level 5 in Bows
 11254 | D:11     | Reached skill level 5 in Crossbows
 11254 | D:11     | Reached skill level 5 in Throwing
 11254 | D:11     | Reached skill level 5 in Stealth
 11254 | D:11     | Reached skill level 5 in Shields
 11254 | D:11     | Reached skill level 5 in Unarmed Combat
 11254 | D:11     | Reached skill level 5 in Evocations
 11518 | D:11     | HP: 3/77 [shadow (11)]
 11519 | D:11     | Slain by a killer bee

Illustrated notes

Levels and vault maps discovered:
D:1:      dpeg_arrival_simpleton_a, layout_rooms
D:2:      layout_basic, fedhas_altar_2
D:3:      layout_loops_cross, grunt_dithmenos_smoke
D:4:      layout_rooms, lemuel_coloured_pillars_altar,
          minmay_temple_entry_sparse_star, first_ration, portal_sewer_entry_d,
          vehumet_altar_wand_db
D:5:      layout_basic, lemuel_doored_altar, bloody_trog,
          nicolae_overflow_crystal_walls, serial_shops, shop
D:6:      layout_basic, nicolae_qazlal_general_emergency, lemuel_round_altar,
          gammafunk_ghost_cemetery, minmay_increasing_density
D:7:      lemuel_insect_pit, layout_loops_corners
D:8:      layout_basic
D:9:      layout_cave_pods, orc_0_dummy, gammafunk_ghost_stat_death,
          blue_anna_alchemist [blue_anna_fruit_fields, blue_anna_fruit_fields],
          elyvilon_altar_4
D:10:     layout_cave_pools
D:11:     layout_cave_pools, lair_entry_dummy, serial_shops, shop,
          billiards_dpeg
Temple:   eino_temple_water
Orc:1:    layout_caves, serial_shops, shop, shop

Skill      XL: |  1  2  3  4  5  6  7  8  9 10 |
---------------+-------------------------------+-----
Spellcasting   | 5 6 7 |  7.2
Invocations    | 1 2 3 4 5 |  5.6
Short Blades   | 1 2 3 4 5 |  5.1
Long Blades    | 1 2 3 4 5 |  5.1
Axes           | 1 2 3 4 5 |  5.1
Maces & Flails | 1 2 3 4 5 |  5.1
Staves         | 1 2 3 4 5 |  5.1
Slings         | 1 2 3 4 5 |  5.1
Bows           | 1 2 3 4 5 |  5.1
Crossbows      | 1 2 3 4 5 |  5.1
Throwing       | 1 2 3 4 5 |  5.1
Stealth        | 1 2 3 4 5 |  5.1
Shields        | 1 2 3 4 5 |  5.1
Unarmed Combat | 1 2 3 4 5 |  5.1
Evocations     | 1 2 3 4 5 |  5.1
Conjurations   | 1 2 3 4 |  4.2
Hexes          | 1 2 3 4 |  4.2
Summonings     | 1 2 3 4 |  4.2
Necromancy     | 1 2 3 4 |  4.2
Translocations | 1 2 3 4 |  4.2
Transmutations | 1 2 3 4 |  4.2
Fire Magic     | 1 2 3 4 |  4.2
Ice Magic      | 1 2 3 4 |  4.2
Air Magic      | 1 2 3 4 |  4.2
Earth Magic    | 1 2 3 4 |  4.2
Poison Magic   | 1 2 3 4 |  4.2
Armour         | 3 4 5 |  5.8
Fighting       | 5 6 |  6.9
Polearms       | 5 6 |  6.9
Dodging        | 5 6 |  6.9
Charms         | 6 7 |  7.0

Action                   |  1- 3 |  4- 6 |  7- 9 | 10-12 || total
-------------------------+-------+-------+-------+-------++-------
Melee: Spear             |   137 |   188 |       |       ||   325
       Bite              |     6 |    17 |    42 |    18 ||    83
       Punch             |       |     2 |     8 |     2 ||    12
       Trident           |       |    19 |   367 |       ||   386
       War axe           |       |       |    57 |    89 ||   146
 Fire: Shortbow          |       |       |    22 |     8 ||    30
 Cast: Infusion          |       |     9 |     8 |     1 ||    18
       Song of Slaying   |       |     1 |     5 |     1 ||     7
       Ozocubu's Armour  |       |     1 |       |       ||     1
       Spectral Weapon   |       |       |     5 |       ||     5
Invok: Curse Item        |       |       |     1 |       ||     1
Evoke: Wand              |       |       |    13 |     2 ||    15
  Use: Potion            |     2 |     1 |       |     1 ||     4
       Scroll            |       |       |       |     1 ||     1
 Stab: Sleeping          |     1 |     6 |     4 |     1 ||    12
       Paralysed         |       |       |    11 |     3 ||    14
  Eat: Chunk             |     3 |     8 |    13 |     3 ||    27
       Ration            |       |       |     2 |     1 ||     3
Armor: Leather armour    |    20 |    46 |    43 |       ||   109
       Scale mail        |       |       |     8 |       ||     8
       Ring mail         |       |       |    41 |    55 ||    96
Dodge: Dodged            |    57 |   110 |   284 |   126 ||   577
